Map: Dusk Towers

Players

MCanning

  • Race: Protoss Protoss
  • League: Grandmaster

MorN - Winner!

  • Race: Terran Terran
  • League: Master

VOD

Have the link to the VOD?

Description

Time

  • Played on: Dec. 6, 2015, 3 a.m.
  • Length: 16:37
Show
View Real Time Build Order
Export as new Build Order

MCanning Protoss 

Build Orders: 1 Gate Expand, Blink Stalkers 

Get SALT Encoding   

  12  0:01  Probe (Chrono Boost)  
  13  0:11  Probe (Chrono Boost)  
  14  0:18  Pylon  
  14  0:22  Probe (Chrono Boost)  
  15  0:36  Probe (Chrono Boost)  
  15  0:38  Gateway  
  16  0:47  Probe (Chrono Boost)  
  17  0:50  Assimilator  
  17  0:57  Probe (Chrono Boost)  
  18  1:08  Probe (Chrono Boost)  
  19  1:18  Nexus  
  19  1:28  Cybernetics Core  
  19  1:31  Probe (Chrono Boost)  
  20  1:39  Assimilator  
  20  1:42  Probe (Chrono Boost)  
  21  1:51  Pylon  
  21  1:53  Probe (Chrono Boost)  
  22  2:05  Mothership Core (Chrono Boost)  
  23  2:15  Warp Gate  
  23  2:19  Adept  
  25  2:23  Probe (Chrono Boost)  
  26  2:34  Probe (Chrono Boost)  
  26  2:35  Probe (Chrono Boost)  
  28  2:44  Twilight Council, Probe (Chrono Boost)  
  28  2:46  Probe (Chrono Boost)  
  30  2:51  Stalker  
  30  2:55  Probe (Chrono Boost)  
  30  2:56  Probe (Chrono Boost)  
  35  3:05  Probe (Chrono Boost)  
  35  3:07  Probe (Chrono Boost)  
  35  3:10  Gateway  
  36  3:13  Gateway  
  36  3:17  Probe x2 (Chrono Boost)  
  38  3:27  Probe (Chrono Boost)  
  38  3:29  Probe (Chrono Boost)  
  38  3:31  Pylon  
  40  3:34  Blink (Chrono Boost)  
  40  3:46  Probe  
  40  3:47  Probe, Robotics Facility  
  42  3:57  Probe  
  42  3:59  Probe  
  42  4:01  Pylon  
  44  4:07  Probe, Assimilator  
  45  4:11  Probe, Assimilator  
  45  4:14  Pylon  
  46  4:18  Probe  
  46  4:21  Stalker x2  
  46  4:23  Probe  
  52  4:24  Stalker  
  52  4:28  Probe  
  55  4:34  Observer (Chrono Boost)  
  55  4:35  Probe  
  57  4:41  Gateway x2, Probe  
  58  4:47  Pylon  
  58  4:49  Probe  
  58  4:51  Probe  
  60  4:53  Observer (Chrono Boost)  
  60  4:57  Pylon  
  61  5:02  Robotics Bay  
  61  5:06  Probe  
  61  5:07  Probe  
  64  5:14  Observer (Chrono Boost)  
  64  5:23  Nexus  
  64  5:26  Pylon  
  64  5:28  Pylon  
  64  5:34  Forge  
  64  5:37  Forge  
  64  5:42  Sentry, Immortal (Chrono Boost)  
  70  5:47  Probe x2  
  72  5:59  Probe x2  
  74  6:09  Adept x5  
  84  6:11  Probe  
  84  6:19  Pylon x2  
  84  6:23  Pylon  
  84  6:24  Pylon  
  82  6:37  Probe, Disruptor (Chrono Boost)  
  82  6:38  Probe  
  87  6:42  Pylon  
  87  6:44  Pylon  
  87  6:51  Protoss Ground Weapons Level 1  
  87  6:52  Nexus, Protoss Ground Armor Level 1  
  85  6:55  Pylon  
  85  6:58  Probe  
  85  6:59  Probe, Pylon  
  86  7:03  Stalker  
  87  7:08  Probe  
  87  7:15  Probe  
  89  7:19  Probe, Pylon  
  89  7:20  Disruptor (Chrono Boost)  
  93  7:27  Probe  
  93  7:29  Probe  
  95  7:39  Probe  
  95  7:40  Probe  
  97  7:50  Stalker, Probe  
  97  7:51  Stalker x2, Probe, Disruptor (Chrono Boost)  
  105  8:04  Photon Cannon  
  96  8:12  Adept x2  
  89  8:14  Probe  
  89  8:17  Probe  
  89  8:19  Probe, Adept x3  
  92  8:26  Probe  
  88  8:28  Probe  
  89  8:40  Stalker x4  
  96  8:42  Disruptor (Chrono Boost)  
  96  8:46  Assimilator  
  99  9:01  Stalker  
  101  9:04  Stalker x4  
  101  9:09  Protoss Ground Weapons Level 2 (Chrono Boost)  
  109  9:12  Disruptor (Chrono Boost)  
  112  9:20  Protoss Ground Armor Level 2 (Chrono Boost)  
  112  9:22  Probe x2  
  112  9:23  Pylon  
  114  9:31  Assimilator  
  114  9:38  Probe  
  114  9:39  Resonating Glaives  
  114  9:41  Photon Cannon  
  114  9:42  Stalker x3  
  121  9:45  Photon Cannon  
  121  9:47  Disruptor  
  118  10:05  Adept x2  
  120  10:12  Adept x3  
  105  10:18  Disruptor  
  83  10:24  Stalker x3  
  83  10:25  Stalker  
  86  10:49  Disruptor  
  81  10:51  Adept x4  
  92  11:02  Adept  
  92  11:18  Probe  
  93  11:22  Probe, Disruptor  
  94  11:29  Nexus  
  97  11:37  Nexus  
  97  11:40  Pylon  
  97  11:41  Pylon  
  97  11:46  Pylon  
  97  11:53  Adept x2, Disruptor  
  97  11:54  Adept x2  
  105  11:55  Pylon  
  108  12:17  Probe  
  108  12:20  Probe  
  108  12:22  Protoss Ground Weapons Level 3 (Chrono Boost)  
  108  12:24  Disruptor  
  108  12:25  Protoss Ground Armor Level 3 (Chrono Boost)  
  108  12:29  Probe  
  112  12:32  Probe  
  112  12:34  Stalker  
  115  12:39  Adept  
  115  12:41  Probe  
  115  12:42  Adept x2  
  122  12:52  Probe  
  109  13:08  Disruptor  
  109  13:09  Adept x5  
  115  13:17  Assimilator  
  118  13:24  Gateway  
  118  13:30  Stalker  
  118  13:31  Stalker x4  
  122  13:44  Disruptor  
  117  13:56  Stalker x3  
  119  14:08  Probe  
  115  14:10  Stalker  
  115  14:11  Stalker  
  116  14:19  Probe  
  116  14:23  Gateway  
  117  14:25  Gateway, Adept  
  117  14:26  Adept x2, Assimilator  
  117  14:27  Assimilator  
  117  14:29  Probe  
  124  14:35  Probe  
  124  14:36  Disruptor  
  128  14:39  Stalker  
  128  14:40  Stalker x2  
  129  14:55  Adept x3  
  129  14:59  Probe  
  122  15:02  Probe  
  112  15:07  Adept x3  
  112  15:11  Probe, Disruptor  
  120  15:15  Pylon  
  120  15:19  Stalker x2  
  120  15:20  Stalker  
  120  15:32  Stalker x3  
  123  15:43  Stalker x2  
  123  15:44  Stalker x2  
  123  15:48  Probe  
  131  15:51  Stalker  
  132  16:02  Probe  
  128  16:09  Stalker x2  
  128  16:10  Stalker x3  
Show
View Real Time Build Order
Export as new Build Order

MorN Terran - Winner!

Build Orders: Reaper Expand, MMM Bio 

Get SALT Encoding   

  12  0:01  SCV  
  13  0:13  SCV  
  14  0:17  Supply Depot  
  14  0:25  SCV  
  15  0:39  SCV  
  15  0:40  Barracks  
  16  0:45  Refinery  
  16  0:51  SCV  
  17  1:04  SCV  
  18  1:17  SCV  
  19  1:29  Reaper  
  19  1:30  Orbital Command  
  20  1:41  Command Center  
  20  1:52  Supply Depot  
  20  1:56  SCV  
  21  2:05  Barracks Reactor  
  21  2:08  SCV  
  22  2:17  Barracks  
  22  2:22  SCV, Barracks  
  23  2:34  SCV  
  23  2:41  Marine x2  
  25  2:46  SCV  
  26  2:53  Orbital Command  
  26  3:02  SCV, Engineering Bay  
  26  3:04  Barracks Tech Lab, Marine x2  
  29  3:08  Supply Depot  
  29  3:10  Marine  
  30  3:14  SCV  
  30  3:18  Factory  
  31  3:20  SCV  
  31  3:25  Stimpack  
  31  3:26  SCV  
  31  3:27  Marine  
  34  3:40  Refinery  
  33  3:45  SCV x2  
  33  3:47  Marine x4  
  39  3:51  Missile Turret  
  39  3:56  Supply Depot  
  39  3:59  SCV  
  40  4:03  Starport  
  40  4:05  Marine  
  40  4:06  SCV  
  40  4:08  Marine x3  
  45  4:12  Factory Reactor  
  45  4:15  SCV  
  46  4:20  Supply Depot  
  46  4:22  SCV, Marine  
  48  4:27  SCV  
  48  4:28  Marine  
  48  4:29  Marine x2  
  52  4:36  SCV  
  53  4:40  Marine  
  53  4:44  Refinery  
  54  4:53  Medivac  
  54  4:54  Medivac  
  54  4:55  SCV  
  54  4:56  Supply Depot  
  59  5:02  Command Center, Marauder  
  59  5:04  SCV  
  62  5:07  SCV  
  62  5:10  Supply Depot  
  62  5:12  Factory Reactor  
  63  5:16  Marine x2  
  63  5:17  SCV  
  63  5:19  SCV  
  67  5:31  Combat Shields  
  67  5:33  Barracks Tech Lab, Marauder  
  67  5:34  Marine x2  
  67  5:35  SCV  
  72  5:36  SCV  
  72  5:38  Terran Infantry Weapons Level 1  
  73  5:45  Supply Depot  
  73  5:47  SCV  
  74  5:52  Marine  
  74  5:54  Supply Depot  
  75  5:58  Marauder  
  75  6:00  Barracks  
  75  6:01  Barracks  
  77  6:11  Marauder, Marine x2  
  78  6:20  Marauder  
  78  6:22  SCV  
  78  6:23  Refinery  
  78  6:24  Supply Depot  
  81  6:28  Marine  
  80  6:33  Marauder  
  80  6:35  Widow Mine, Marine  
  80  6:36  Widow Mine  
  80  6:37  Medivac x2  
  86  6:40  Marine  
  86  6:41  Orbital Command  
  86  6:43  SCV  
  86  6:45  SCV  
  89  6:49  Barracks Reactor, Barracks Tech Lab  
  88  6:54  Marauder  
  88  6:56  SCV  
  88  6:58  SCV  
  88  6:59  Marauder  
  94  7:05  Marine x2  
  94  7:07  Medivac, Widow Mine  
  100  7:12  Supply Depot  
  100  7:16  Marauder  
  100  7:18  Marine  
  100  7:20  SCV x2, Marauder  
  107  7:23  Marine x2  
  107  7:26  Supply Depot  
  107  7:29  Marine x2  
  111  7:31  SCV  
  111  7:32  SCV  
  111  7:33  SCV  
  111  7:36  Marauder, Marine  
  117  7:38  Supply Depot  
  117  7:39  Terran Infantry Armor Level 1  
  117  7:40  Marine  
  117  7:41  Marine  
  117  7:42  Marauder  
  121  7:45  Starport  
  121  7:55  Marauder, Marine x2  
  122  8:06  Marine x2  
  122  8:10  Marine x2  
  117  8:14  Marine x2  
  117  8:16  Medivac  
  117  8:17  Marauder, Medivac  
  117  8:19  Armory, Engineering Bay  
  122  8:27  Marine  
  122  8:28  Marine  
  122  8:29  Starport Tech Lab, Marauder x2  
  122  8:31  SCV  
  122  8:32  SCV  
  130  8:34  Fusion Core  
  130  8:36  Liberator  
  130  8:37  Command Center  
  130  8:39  Marine x3  
  133  8:44  Supply Depot  
  133  8:45  Liberator  
  133  8:47  Marine x2  
  133  8:48  SCV  
  136  8:50  Marauder x2  
  136  8:55  Factory Reactor  
  141  9:02  Medivac  
  142  9:07  Marine x2  
  142  9:08  Barracks  
  144  9:11  Barracks  
  144  9:16  Supply Depot  
  144  9:17  Supply Depot  
  144  9:22  Marine x2  
  144  9:23  Marauder  
  139  9:25  Advanced Ballistics, Missile Turret  
  139  9:28  Terran Infantry Weapons Level 2  
  139  9:30  Liberator  
  139  9:33  Refinery x2  
  139  9:41  SCV  
  139  9:42  SCV x2  
  139  9:44  Supply Depot  
  105  10:23  Marine  
  105  10:24  Marauder, Marine x4  
  105  10:25  Widow Mine x2, Marauder  
  118  10:32  SCV x2  
  119  10:41  Marine x2  
  119  10:42  Marauder, Marine x2  
  122  10:45  Marine, Liberator x2  
  115  10:58  Marine x4  
  115  11:03  Medivac  
  115  11:04  Marauder x2  
  131  11:06  SCV  
  131  11:09  Planetary Fortress  
  132  11:16  Marauder  
  119  11:19  Barracks Tech Lab  
  119  11:24  Marine x2  
  119  11:25  Marauder  
  123  11:28  Command Center, Terran Infantry Armor Level 2  
  123  11:30  SCV x2, Terran Vehicle Weapons Level 1  
  125  11:33  Medivac  
  125  11:34  Supply Depot x2  
  125  11:39  Liberator, Refinery x2, Widow Mine x2, Marine x2  
  129  11:40  Marauder  
  129  11:42  Marine x2  
  129  11:43  Marauder x2  
  129  11:45  Medivac  
  129  11:47  Marauder  
  145  11:50  SCV  
  146  11:59  SCV  
  150  12:03  Medivac  
  150  12:08  Marine x2, Widow Mine  
  152  12:09  Marauder  
  152  12:14  Medivac  
  156  12:17  Marine  
  156  12:18  Marauder  
  157  12:23  Marine x2  
  157  12:24  Marauder  
  157  12:25  Marine x2  
  157  12:26  Marine  
  157  12:28  Supply Depot  
  164  12:30  Marauder, Liberator x2  
  164  12:34  Marine  
  164  12:35  Marine  
  171  12:40  Marauder  
  171  12:41  Marine x2  
  171  12:43  Marauder, Widow Mine, Marine  
  171  12:44  Widow Mine, Medivac, Marine  
  178  12:45  Marine  
  188  12:51  Marine  
  188  12:57  Liberator  
  189  13:01  Marauder  
  189  13:03  Marauder  
  178  13:07  Marine x5  
  178  13:08  Marauder  
  178  13:09  Marauder  
  178  13:10  Marine  
  173  13:20  Command Center  
  173  13:22  Marine  
  173  13:24  Marine  
  173  13:25  Marauder  
  177  13:29  Marauder  
  177  13:33  Liberator  
  177  13:40  Marine x2, Liberator  
  177  13:41  Marauder  
  157  13:42  Marine  
  157  13:43  Marauder, Widow Mine x2, Marine x2  
  157  13:44  Medivac  
  163  13:56  Marine  
  163  13:57  Marauder  
  159  14:04  Marine  
  159  14:05  Marauder, Marine x2  
  164  14:10  Liberator  
  164  14:11  Marauder, Marine  
  164  14:16  Liberator  
  161  14:22  Marine x3  
  161  14:23  Marauder  
  163  14:32  Marine x2  
  163  14:33  Marauder x2  
  172  14:40  Marauder  
  172  14:41  Marine  
  172  14:44  Marauder  
  172  14:45  Marine  
  178  14:52  Marine  
  174  14:54  Marauder x2  
  174  14:57  Marine x2  
  173  15:02  Marauder  
  173  15:05  Marauder, Marine x2  
  173  15:06  Marine  
  166  15:09  Marine  
  167  15:14  Marine  
  167  15:15  Marine  
  167  15:16  Marauder x2  
  173  15:22  Marine  
  173  15:23  Marauder, Marine  
  173  15:24  Marine  
  173  15:27  Marine, Marauder  
  173  15:28  Planetary Fortress  
  181  15:32  Marine x2  
  183  15:36  Liberator  
  183  15:37  Marauder, Marine  
  183  15:40  Marine x2  
  183  15:42  Marine  
  187  15:45  Marine, Marauder  
  187  15:48  Marauder  
  179  15:50  Marine x2  
  179  15:53  Refinery  
  179  15:55  Marauder  
  186  15:58  Marauder, Marine x2  
  186  15:59  Marine  
  186  16:03  Marine  
  178  16:06  Marauder  
  178  16:08  Marine x2  
  178  16:10  Marauder  
  184  16:13  Barracks  
  184  16:14  Barracks  
  184  16:16  Marine x2  
  184  16:17  Marine  
Tags
 
Add a new tag
Caveats
  • Supply blocks, unpowered buildings, or Contaminate may cause inaccurate times.
  • Supply counts are checked every 10 seconds.